 Dungeon Crawl Stone Soup version 0.29.1-1-gd02db6906a (webtiles) character file.

Game seed: 4668479225667920376

36286 Ijustatesigmund the Fighter (level 13, -5/88 HPs)
             Began as a Gargoyle Fighter on Sept 26, 2022.
             Was a High Priest of the Shining One.
             Killed from afar by an ice statue (32 damage)
             ... with a bolt of cold
             ... in an ice cave.
             The game lasted 00:33:05 (14827 turns).

Ijustatesigmund the Fighter (Gargoyle Fighter)     Turns: 14827, Time: 00:33:07

Health: -5/88      AC: 31    Str: 25    XL:     13   Next: 89%
Magic:  19/22      EV:  8    Int:  9    God:    the Shining One [*****.]
Gold:   687        SH: 21    Dex:  9    Spells: 12/12 levels left

rFire   + + .      SeeInvis .   a - +5 flail (freeze)
rCold   . . .      Faith    .   c - +0 kite shield
rNeg    + + +      Spirit   .   b - +3 chain mail {rF+}
rPois   ∞          Reflect  .   i - +0 helmet
rElec   +          Harm     .   f - +1 cloak
rCorr   .          Rampage  .   (no gloves)
Will    .....                   (no boots)
Stlth   ..........              l - amulet of regeneration
HPRegen 1.04/turn               g - ring of protection from fire
MPRegen 0.18/turn               H - +4 ring of protection

@: divinely shielded, glowing
A: sickness immunity, AC +9, negative energy resistance 1, electricity
resistance, torment resistance 1, petrification resistance
a: Renounce Religion, Divine Shield, Cleansing Flame, Summon Divine Warrior


You were in an ice cave.
You worshipped the Shining One.
The Shining One was extremely pleased with you.
You visited 3 branches of the dungeon, and saw 16 of its levels.
You also visited: Ice Cave.

You collected 1541 gold pieces.
You spent 854 gold pieces at shops.

Inventory:

Hand Weapons
 a - a +5 flail of freezing (weapon)
 u - the +10 hand axe of the Throat {vorpal, rF+ Will+ Int+2}
   (You took it off an orc on level 5 of the Dungeon)

   It inflicts extra damage upon your enemies.
   Int:       It affects your intelligence (+2).
   rF:        It protects you from fire.
   Will:      It increases your willpower.
 J - the +7 war axe of Taschiom {elec, Will+ Dex+4}
   (You bought it in a shop on level 12 of the Dungeon)

   It occasionally discharges a powerful burst of electricity upon striking a
   foe.
   Dex:       It affects your dexterity (+4).
   Will:      It increases your willpower.
Missiles
 K - a throwing net (quivered)
Armour
 b - a +3 chain mail of fire resistance (worn)
 c - a +0 kite shield (worn)
 f - a +1 cloak (worn)
 i - a +0 helmet (worn)
Magical Staves
 k - a staff of conjuration
Jewellery
 g - a ring of protection from fire (left hand)
 l - an amulet of regeneration (around neck)
 C - a ring of fire
 E - a ring of flight
 H - a +4 ring of protection (right hand)
Wands
 s - a wand of mindburst (7)
 v - a wand of acid (9)
 w - a wand of roots (15)
 A - a wand of paralysis (18)
 D - a wand of flame (44)
Scrolls
 d - a scroll of poison
 n - a scroll of teleportation
 o - 3 scrolls of fog
 t - 4 scrolls of identify
 x - a scroll of magic mapping
 y - 2 scrolls of noise
 z - 6 scrolls of immolation
 L - a scroll of blinking
 N - a scroll of amnesia
Potions
 e - 4 potions of attraction
 h - 10 potions of curing
 j - 2 potions of magic
 m - 5 potions of lignification
 p - 2 potions of mutation
 q - a potion of berserk rage
 r - 3 potions of brilliance
 B - 2 potions of ambrosia
 F - a potion of cancellation
 G - a potion of haste
 I - a potion of might
 M - a potion of flight


   Skills:
 + Level 13.4 Fighting
 + Level 12.1 Maces & Flails
 - Level 8.5 Armour
 - Level 4.4 Dodging
 + Level 8.7 Shields
 + Level 12.1 Invocations
 - Level 4.0 Evocations


You had 12 spell levels left.
You didn't know any spells.
Your spell library contained the following spells:

 Spells                   Type           Power      Damage    Failure   Level
 Magic Dart               Conj           0%         1d3       99%         1
 Call Imp                 Summ           0%         N/A       100%        2
 Frozen Ramparts          Ice            0%         1d1       100%        3
 Gell's Gravitas          Tloc           0%         N/A       100%        3
 Lesser Beckoning         Tloc           0%         N/A       100%        3
 Mephitic Cloud           Conj/Pois/Air  0%         N/A       100%        3
 Ozocubu's Armour         Ice            0%         N/A       100%        3
 Teleport Other           Tloc           0%         N/A       100%        3
 Ice Form                 Ice/Tmut       0%         N/A       100%        4
 Passage of Golubria      Tloc           0%         N/A       100%        4
 Petrify                  Tmut/Erth      0%         N/A       100%        4
 Summon Ice Beast         Ice/Summ       0%         N/A       100%        4
 Fireball                 Conj/Fire      0%         3d3       100%        5
 Iskenderun's Battlesphe  Conj           0%         2d6       100%        5
 Metabolic Englaciation   Hex/Ice        0%         N/A       100%        5
 Silence                  Hex/Air        0%         N/A       100%        5
 Conjure Ball Lightning   Conj/Air       0%         3x3d6     100%        6
 Orb of Destruction       Conj           0%         9d5       100%        7
 Ozocubu's Refrigeration  Ice            0%         4d7       100%        7
 Lehudib's Crystal Spear  Conj/Erth      0%         10d2      100%        8
 Statue Form              Tmut/Erth      Unusable   N/A       N/A         6

Dungeon Overview and Level Annotations

Branches:
Dungeon (14/15)            Temple (1/1) D:4            Lair (1/5) D:9
    Orc (0/2) D:10         Vaults (0/5) D:13          IceCv (1/1)

Altars:
Ashenzari
Cheibriados
Dithmenos
Elyvilon
Fedhas
Gozag
Hepliaklqana
Kikubaaqudgha
Makhleb
Nemelex Xobeh
Okawaru
Qazlal
Ru
Sif Muna
Trog
Uskayaw
Vehumet
Wu Jian
Xom
Yredelemnul
Zin
The Shining One

Shops:
D:2 [*[?(   D:3 *(?=   D:4 !   D:6 [   D:12 (*[![(

Annotations:
D:11 3 runed translucent doors, manix's ghost, journeyman HuMo IceCv exclusion: 2 ice statues


Innate Abilities, Weirdness & Mutations

You are immune to sickness and miasma.
Your stone body is resilient. (AC +9)
You are immune to poison.
You resist negative energy. (rN+)
You are resistant to electric shocks. (rElec)
You are resistant to unholy torment.
You are immune to petrification.


Message History

The cane toad simulacrum writhes in agony!
The cane toad simulacrum vaporises!
The Shining One accepts your kill.
You feel better.
The golden flame engulfs the ice devil!
The ice devil writhes in agony!
You kill the ice devil!
The Shining One accepts your kill.
You start resting.
Magic restored.
You start resting.
HP restored.
Okay, then.
Okay, then.
Really walk into a travel-excluded area?
The ice statue gestures at you. The freezing blast misses you.
You hit the ice statue.
The ice statue is lightly damaged.
You are engulfed in freezing vapours.
The ice statue gestures at you. The shard of ice hits you!
You hit the ice statue but do no damage.
The ice statue is lightly damaged.
You are engulfed in freezing vapours.
The ice statue gestures at you. The bolt of cold hits you!
Your shield is strengthened by the Shining One's divine power.
You are engulfed in freezing vapours.
The ice statue gestures.
The ice statue gestures at you. The freezing blast engulfs you.
You thump the ice statue!
The ice statue is lightly damaged.
You are engulfed in freezing vapours.
You hit the ice statue.
The ice statue is moderately damaged.
You are engulfed in freezing vapours.
* * * LOW HITPOINT WARNING * * *
The ice statue gestures at you. The bolt of cold hits you!!
You die...

*,,,****,........#*
***,*⌠,*,........8* ####
+,*,+,,*,........## ##..##
********,.........######....##
,,,,,*,,,...........##.......#
,,,,,+,,,..⌠.............∩∩..#
,,,,,*,,,.........○..........#
********,......○○°##..##....##
+,*,+,,*,......°@########..##
***,*⌠,*,.......°8# ####
*,,,****,.....○..## *,***
*,,.......## +,* ***.....##*
*** *#####*


You could see 2 ice statues.

Vanquished Creatures
  4 boulder beetles
  4 hydras
  4 two-headed ogres
  A centaur warrior (D:13)
  A slime creature (D:13)
  A deep elf knight (D:13)
  A skeletal warrior (D:13)
  An orc knight (D:11)
  Pikel (D:7)
  A wizard (D:14)
  6 ugly things
  2 deep elf zephyrmancers (D:13)
  2 deep elf pyromancers
  4 cyclopes
  Joseph (D:8)
  A manticore (D:12)
  Maurice (D:8)
  A guardian serpent (shapeshifter) (D:14)
  2 gargoyles
  4 centaur skeletons (D:13)
  A kobold demonologist (D:13)
  3 ice devils (IceCv)
  An efreet (D:14)
  4 trolls
  A hornet (D:8)
  2 jumping spiders (shapeshifter)
  A water elemental (D:11)
  2 wraiths
  10 yaks
  4 shadows
  2 vampires
  4 basilisks
  A steam dragon (D:6)
  Menkaure (D:4)
  9 vampire mosquitoes
  4 water moccasins
  5 black bears
  9 orc warriors
  2 ice beasts
  2 sky beasts
  6 ogres
  5 wolves
  9 centaurs
  4 lemures
  A phantom (D:10)
  6 kobold brigands
  6 bullfrogs
  11 scorpions
  2 gnoll sergeants
  2 two-headed ogre simulacra (IceCv)
  A cane toad simulacrum (IceCv)
  2 necrophages
  18 wights
  2 troll zombies (D:10)
  14 killer bees
  4 electric eels (D:11)
  4 howler monkeys
  6 orc priests
  2 hounds
  3 jellies
  Ijyb (D:5)
  6 iguanas
  7 orc wizards
  A wolf simulacrum (IceCv)
  4 ogre zombies (D:10)
  Robin (D:4)
  8 gnolls
  6 adders
  A shadow imp (D:8)
  2 white imps
  2 ufetubi
  A worm (D:4)
  5 dart slugs
  47 orcs
  9 bats
  3 endoplasms
  A giant cockroach (D:1)
  14 goblins
  11 hobgoblins
  7 jackals
  41 kobolds
  6 quokkas
  5 ball pythons
  6 frilled lizards
  A goblin skeleton (D:10)
  2 goblin zombies (D:10)
  A hobgoblin skeleton (D:10)
  A hobgoblin zombie (D:10)
  2 orc skeletons (D:10)
  12 orc zombies (D:10)
  7 rats
440 creatures vanquished.

Vanquished Creatures (collateral kills)
  A frost giant (D:13)
  A boulder beetle (D:9)
2 creatures vanquished.

Vanquished Creatures (others)
  A fungus (D:9)
  80 plants
81 creatures vanquished.

Grand Total: 523 creatures vanquished

Notes
Turn   | Place    | Note
-------+----------+-------------------------------------------
     0 | D:1      | Ijustatesigmund the Gargoyle Fighter began the quest for
                  | the Orb.
     0 | D:1      | Reached XP level 1. HP: 14/14 MP: 1/1
    50 | D:1      | Reached XP level 2. HP: 4/19 MP: 2/2
   735 | D:1      | Reached XP level 3. HP: 18/24 MP: 3/3
   838 | D:1      | Reached skill level 4 in Fighting
  1415 | D:2      | Found Bylaetaw's General Store.
  1492 | D:2      | Found Utosiug's Armour Emporium.
  1612 | D:2      | Found Roivub Zimp's Weapon Shop.
  1625 | D:2      | Found a faded altar of an unknown god.
  1673 | D:2      | Found Joffuex's Magic Scroll Shoppe.
  1681 | D:2      | Bought a scroll of teleportation for 42 gold pieces
  1703 | D:2      | Found Vaism's Armour Shoppe.
  1740 | D:2      | Reached XP level 4. HP: 30/30 MP: 4/4
  2043 | D:2      | Found a shadowy altar of Dithmenos.
  2143 | D:3      | Found Zuttolat's Weapon Boutique.
  2159 | D:3      | Found Igut's Assorted Antiques.
  2169 | D:3      | Bought a lumpy silvery potion for 22 gold pieces
  2327 | D:3      | Found Aness's Magic Scroll Shoppe.
  2357 | D:3      | Found Orog Honel's Jewellery Emporium.
  2420 | D:3      | Bought a scroll labelled WINKYGGUBE for 25 gold pieces
  2871 | D:4      | Reached XP level 5. HP: 20/34 MP: 5/5
  3115 | D:4      | Found a staircase to the Ecumenical Temple.
  3190 | D:4      | Noticed Menkaure
  3192 | D:4      | Noticed Robin
  3197 | D:4      | Killed Menkaure
  3198 | D:4      | Reached skill level 5 in Fighting
  3198 | D:4      | Reached XP level 6. HP: 23/40 MP: 6/6
  3222 | D:4      | Noticed an ice beast
  3223 | D:4      | Killed Robin
  3247 | D:4      | Killed an ice beast
  3646 | D:4      | Reached XP level 7. HP: 45/45 MP: 7/7
  3648 | D:4      | Reached skill level 5 in Armour
  3765 | D:4      | Found Kitot's Distillery.
  3770 | D:4      | Bought a potion of degeneration for 10 gold pieces
  3881 | D:2      | Bought a +3 chain mail of fire resistance for 318 gold
                  | pieces
  3925 | D:2      | Bought a scroll of poison for 56 gold pieces
  4616 | Temple   | Entered the Ecumenical Temple
  4651 | Temple   | Became a worshipper of the Shining One
  4690 | D:5      | Entered Level 5 of the Dungeon
  4710 | D:5      | Reached skill level 6 in Fighting
  4710 | D:5      | Reached skill level 5 in Maces & Flails
  4727 | D:5      | Reached skill level 1 in Invocations
  4804 | D:5      | Found a sacrificial altar of Ru.
  4827 | D:5      | Identified the +10 hand axe of the Throat {vorpal, rF+
                  | Will+ Int+2}
  4887 | D:5      | Reached XP level 8. HP: 52/52 MP: 9/9
  4942 | D:5      | Identified the +5 spear "Adidithi" {pain, *Corrode rN+
                  | Str+6}
  5025 | D:5      | Noticed Ijyb
  5028 | D:5      | Killed Ijyb
  5160 | D:5      | Identified the +1 leather armour "Onwakiufi" {Str+4}
  5505 | D:6      | Reached skill level 7 in Fighting
  5508 | D:6      | Reached skill level 5 in Shields
  5673 | D:6      | Reached XP level 9. HP: 53/57 MP: 12/12
  5823 | D:6      | Reached * piety under the Shining One
  5829 | D:6      | Reached skill level 5 in Invocations
  5986 | D:6      | Found Vewuucsushe's Armour Shop.
  6304 | D:7      | Noticed Pikel
  6339 | D:6      | Reached skill level 8 in Fighting
  6457 | D:7      | Killed Pikel
  6517 | D:7      | Identified the +1 robe of Mutualism {Int+6}
  6548 | D:7      | Found a shimmering altar of Xom.
  6684 | D:7      | Reached XP level 10. HP: 65/65 MP: 14/14
  6779 | D:7      | Found a glowing silver altar of Zin.
  6810 | D:7      | Reached skill level 9 in Fighting
  7153 | D:8      | Reached ** piety under the Shining One
  7163 | D:8      | Reached skill level 1 in Dodging
  7183 | D:8      | Noticed Joseph
  7197 | D:8      | Killed Joseph
  7278 | D:8      | Noticed Maurice
  7291 | D:8      | Killed Maurice
  7352 | D:8      | Noticed a boulder beetle
  7776 | D:8      | Killed a boulder beetle
  8237 | D:9      | Reached skill level 10 in Fighting
  8243 | D:9      | Reached *** piety under the Shining One
  8245 | D:9      | Reached XP level 11. HP: 62/72 MP: 16/16
  8278 | D:9      | Found a staircase to the Lair.
  8358 | D:9      | Noticed a boulder beetle
  8384 | D:9      | The Shining One protects you from harm!
  8395 | D:9      | Killed a boulder beetle
  8495 | D:9      | Found an opulent altar of Gozag.
  8527 | D:9      | Noticed a two-headed ogre
  8535 | D:9      | Killed a two-headed ogre
  8600 | D:9      | Found an ancient bone altar of Kikubaaqudgha.
  8610 | D:9      | Found a stormy altar of Qazlal.
  9006 | D:9      | Identified the +0 double sword of Douruewk {chaos, rElec
                  | Int+4}
  9028 | D:10     | Entered Level 10 of the Dungeon
  9030 | D:10     | Noticed a two-headed ogre
  9040 | D:10     | Killed a two-headed ogre
  9469 | D:10     | Reached skill level 1 in Evocations
  9469 | D:10     | Reached **** piety under the Shining One
  9488 | D:10     | Found a staircase to the Orcish Mines.
  9540 | D:10     | Reached skill level 11 in Fighting
  9710 | D:10     | Reached ***** piety under the Shining One
 10083 | D:11     | Reached skill level 10 in Maces & Flails
 10112 | D:11     | Noticed a cyclops
 10119 | D:11     | Killed a cyclops
 10144 | D:11     | Noticed a boulder beetle
 10171 | D:11     | Noticed a two-headed ogre
 10181 | D:11     | Killed a two-headed ogre
 10182 | D:11     | Reached XP level 12. HP: 56/80 MP: 19/19
 10191 | D:11     | Killed a boulder beetle
 10479 | D:11     | Noticed a seven-headed hydra
 10484 | D:11     | Noticed a two-headed ogre
 10625 | D:11     | HP: 1/80 [orc knight/+1 vorpal dire flail (4)]
 11047 | D:11     | Found a runed translucent gate.
 11048 | D:11     | Found a runed translucent gate.
 11049 | D:11     | Found a runed translucent gate.
 11054 | D:11     | Noticed manix's ghost (journeyman HuMo)
 11090 | D:11     | Killed a seven-headed hydra
 11116 | D:11     | Reached skill level 10 in Invocations
 11403 | D:11     | HP: 3/80 [two-headed ogre/+0 giant club (15)]
 11404 | D:11     | Killed a two-headed ogre
 12105 | D:12     | Found Ekhathre's Distillery.
 12113 | D:12     | Bought a potion of curing for 39 gold pieces
 12113 | D:12     | Bought a potion of haste for 130 gold pieces
 12134 | D:12     | Noticed a seven-headed hydra
 12137 | D:12     | Found Xapoxt's Armour Shoppe.
 12147 | D:12     | Killed a seven-headed hydra
 12287 | D:12     | Found Ixzesme's Blood Bar.
 12292 | D:12     | Reached skill level 12 in Fighting
 12390 | D:12     | Found Kaukkom's Antique Weapon Shoppe.
 12479 | D:12     | Found Qiraetun's Armour Shoppe.
 12637 | D:12     | Found Wutal's Antique Weapon Shoppe.
 12640 | D:12     | Bought a polished war axe for 212 gold pieces
 12640 | D:12     | Identified the +7 war axe of Taschiom {elec, Will+ Dex+4}
                  | (You bought it in a shop on level 12 of the Dungeon)
 12876 | D:13     | Reached XP level 13. HP: 86/86 MP: 21/21
 13441 | D:13     | Found a gate to the Vaults.
 13650 | D:13     | Noticed a frost giant
 13657 | D:13     | Killed a frost giant
 13658 | D:13     | Reached skill level 13 in Fighting
 13743 | D:13     | Identified the +10 whip of Zaosih {drain, Int-4 Dex+6}
 14502 | Lair:1   | Entered Level 1 of the Lair of Beasts
 14569 | Lair:1   | Found a frozen archway.
 14579 | IceCv    | Entered an ice cave
 14827 | IceCv    | Killed from afar by an ice statue

Illustrated notes

Levels and vault maps discovered:
D:1:      amcnicky_arrival_double_pillar, layout_loops_ring
D:2:      layout_basic, serial_shops, shop, nicolae_shop_hallway_stairs, shop,
          shop, nicolae_shop_bloodbath_and_beyond, basic_altar,
          nicolae_ecumenical_lake_church
D:3:      layout_basic, serial_shops, nicolae_shop_statue_plus,
          nicolae_shop_trees, nicolae_diamond_shop, shop
D:4:      minmay_polygon_palace, layout_loops_ring, minmay_temple_entry_tees,
          serial_shops, nicolae_shop_stone, uniq_menkaure, uniq_robin
D:5:      layout_basic, hangedman_ru_absence, kennysheep_generic_room_5,
          uniq_ijyb
D:6:      minmay_skewed_foursquare, layout_loops_ring, serial_shops,
          nicolae_shop_window_shopping
D:7:      layout_cave_pools, mainiacjoe_overflow_surrounded_room,
          mainiacjoe_overflow_small_starburst, corexii_leaking_fountain,
          minmay_misc_feat_nine_boxes, uniq_pikel
D:8:      hangedman_cross_stitches, layout_loops_ring, uniq_joseph, uniq_maurice
D:9:      layout_basic, overflow_temple_1_default, grunt_qazlal_clouds,
          mainiacjoe_overflow_boulevard, minmay_lair_entry_grove,
          nrook_campfire, small_chamber_with_monster
D:10:     layout_small_grid, zombieorc1_lemuel
D:11:     layout_roguey [special_room_orc], ebering_ghost_rock_garden,
          serial_bayou, serial_bayou_pond_b, serial_bayou_crossing,
          serial_bayou_lagoon_a, serial_bayou_pond_c,
          nicolae_elevator_lobby_asterisk
D:12:     layout_loops_corners, serial_shops, nicolae_diamond_shop,
          nicolae_shop_hallway_stairs, nicolae_shop_stone, kennysheep_mini_moat,
          shop_fountains, guppyfry_shop_blood
D:13:     layout_roguey, hangedman_vaults_entry_quadrant_bands,
          kennysheep_just_a_vault
D:14:     layout_cave_pools, grunt_decor_arrowhead
Temple:   lightli_temple_of_artemis
Lair:1:   dreamdust_cave_troll, layout_hall_layers,
          portal_ice_cave_entry_pillars_1
IceCv:    ice_cave_tombish

Skill      XL: |  1  2  3  4  5  6  7  8  9 10 11 12 13 |
---------------+----------------------------------------+-----
Fighting       | 4 5 6 7 8 10 11 12 13 | 13.4
Maces & Flails | 3 4 5 6 7 8 10 11 12 | 12.1
Armour         | 4 5 6 8 |  8.5
Invocations    | 2 4 6 7 9 10 12 | 12.1
Shields        | 4 5 7 8 |  8.7
Dodging        | 3 4 |  4.4
Evocations     | 2 4 |  4.0

Action                   |  1- 3 |  4- 6 |  7- 9 | 10-12 | 13-15 || total
-------------------------+-------+-------+-------+-------+-------++-------
Melee: Flail             |   156 |   156 |    65 |   188 |   280 ||   845
       Hand axe          |       |       |   164 |   487 |       ||   651
Invok: Divine Shield     |       |       |       |     5 |     6 ||    11
       Cleansing Flame   |       |       |       |     1 |     3 ||     4
       Summon Divine War |       |       |       |       |     1 ||     1
Evoke: Wand              |       |       |     3 |    20 |    13 ||    36
  Use: Scroll            |     6 |    11 |     4 |    15 |     5 ||    41
       Potion            |       |     3 |       |     3 |     3 ||     9
 Stab: Invisible         |       |     3 |       |       |       ||     3
Armor: Scale mail        |   100 |   109 |     3 |       |       ||   212
       Chain mail        |       |       |   160 |   403 |   227 ||   790
Dodge: Dodged            |    89 |    94 |    67 |   212 |    93 ||   555
Block: Buckler           |    27 |    34 |    16 |       |       ||    77
       Kite shield       |       |       |    52 |   387 |   186 ||   625
